 Dungeon Crawl Stone Soup version 0.28-a0-1159-g27aa881441 (webtiles) character file.

Game seed: 9796485019957950481

5838 freelancePsychic the Slicer (level 10, 0/74 (80) HPs)
             Began as a Demonspawn Wanderer on Dec 16, 2021.
             Was an Elder of Uskayaw.
             Slain by a spectral orc warrior (8 damage)
             ... summoned by Nergalle
             ... on level 10 of the Dungeon.
             The game lasted 00:19:48 (11917 turns).

freelancePsychic the Slicer (Demonspawn Wanderer)  Turns: 11917, Time: 00:19:49

HP:   0/74 (80)     AC: 12    Str: 24    XL:     10   Next: 51%
MP:   10/13         EV:  8    Int: 11    God:    Uskayaw [****..]
Gold: 844           SH:  5    Dex: 14    Spells: 10/11 levels left

rFire   . . .      SeeInvis +   a - +0 dagger (drain)
rCold   . . .      Faith    +   f - +0 buckler
rNeg    . . .      Spirit   .   d - +0 chain mail
rPois   +          Reflect  .   (no helmet)
rElec   +          Harm     .   (no cloak)
rCorr   +          Rampage  .   (no gloves)
Will    .....                   C - +1 pair of boots
Stlth   ..........              z - amulet of faith
HPRegen 0.22/turn               e - ring of Axeiruub {rElec rPois rCorr Int-2 SInv}
MPRegen 0.13/turn               t - +6 ring of strength

@: drained, invisible
A: thin skeletal structure 1, foul stench 1, spiny 1
a: Renounce Religion, Stomp, Line Pass


You were on level 10 of the Dungeon.
You worshipped Uskayaw.
Uskayaw was noncommittal.
You visited 1 branch of the dungeon, and saw 10 of its levels.
You also visited: Ossuary.

You collected 844 gold pieces.

Inventory:

Hand Weapons
 a - a +0 dagger of draining (weapon)
 b - a +4 long sword of freezing
Missiles
 n - 34 poisoned darts (quivered)
 y - 3 throwing nets
Armour
 d - a +0 chain mail (worn)
 f - a +0 buckler (worn)
 j - a +1 tower shield
 C - a +1 pair of boots (worn)
Jewellery
 e - the ring of Axeiruub (left hand) {rElec rPois rCorr Int-2 SInv}
   (You acquired it on level 3 of the Dungeon)

   [ring of see invisible]

   Int:       It affects your intelligence (-2).
   rElec:     It insulates you from electricity.
   rPois:     It protects you from poison.
   SInv:      It lets you see invisible.
   rCorr:     It protects you from acid and corrosion.
 q - an amulet of guardian spirit
 t - a +6 ring of strength (right hand)
 z - an amulet of faith (around neck)
Wands
 u - a wand of digging (7)
 x - a wand of acid (11)
 G - a wand of flame (17)
 I - a wand of iceblast (2)
Scrolls
 h - 3 scrolls of blinking
 l - 2 scrolls of enchant armour
 m - a scroll of vulnerability
 o - a scroll of brand weapon
 A - 7 scrolls of teleportation {@r4}
 F - a scroll of immolation
 K - 2 scrolls of amnesia
 L - a scroll of holy word
 N - a scroll of identify {@r1}
Potions
 g - 9 potions of curing {@q1}
 k - 2 potions of attraction
 p - 4 potions of resistance
 s - 5 potions of heal wounds {unknown}
 v - 5 potions of haste {unknown}
 w - 2 potions of lignification {unknown}
 B - 5 potions of ambrosia {unknown}
 D - 3 potions of degeneration {unknown}
 E - a potion of might {unknown}
 H - 2 potions of flight {unknown}
 J - a potion of cancellation {unknown}
 M - a potion of magic {unknown}


   Skills:
 + Level 7.9 Fighting
 - Level 9.9(10.0) Short Blades
 - Level 1.5(6.4) Long Blades
 - Level 1.0 Throwing
 + Level 5.1 Armour
 - Level 2.6 Stealth
 - Level 4.0 Shields
 - Level 1.0 Spellcasting
 - Level 2.6 Translocations
 - Level 4.5 Invocations


You had 10 spell levels left.
You knew the following spells:

 Your Spells              Type           Power      Damage    Failure   Level
a - Apportation           Tloc           12%        N/A       58%         1

Your spell library contained the following spells:

 Spells                   Type           Power      Damage    Failure   Level
 Blink                    Tloc           12%        N/A       73%         2
 Gell's Gravitas          Tloc           6%         N/A       91%         3
 Teleport Other           Tloc           6%         N/A       91%         3
 Corpse Rot               Necr/Air       0%         N/A       97%         2
 Ensorcelled Hibernation  Hex/Ice        0%         N/A       97%         2
 Poisonous Vapours        Pois/Air       0%         N/A       97%         2
 Tukima's Dance           Hex            0%         N/A       100%        3
 Passage of Golubria      Tloc           6%         N/A       100%        4
 Dispersal                Tloc           3%         N/A       100%        6


Dungeon Overview and Level Annotations

Branches:
Dungeon (10/15)            Temple (0/1) D:7         Ossuary (visited)
   Lair: D:8-11         Orc: D:9-12

Altars:
Dithmenos
Hepliaklqana
Makhleb
Uskayaw
Yredelemnul

Annotations:
D:9 3 runed translucent doors, ALWAYSlose's ghost, novice DsBe; Erolcha
D:10 Nergalle


Innate Abilities, Weirdness & Mutations

You have a somewhat thin skeletal structure. (Dex +2, Stealth+)
You may rarely emit foul miasma when damaged in melee.
You are partially covered in sharp spines.


Message History

The spectral orc warrior is heavily damaged.
Nergalle is heavily wounded.
Nergalle hits you but does no damage.
You block the spectral orc warrior's attack.
The spectral orc warrior is struck by your spines.
The spectral orc warrior completely misses you.
The spectral orc warrior is struck by your spines.
The spectral orc warrior hits you with a +0 short sword!
* * * LOW HITPOINT WARNING * * *
Uskayaw will force your foes to share their pain.
You hit Nergalle but do no damage.
Nergalle is severely wounded.
Nergalle is struck by your spines. Nergalle barely misses you.
You hit Nergalle.
Nergalle is severely wounded.
The spectral orc warrior is no longer sharing its pain.
The spectral orc warrior hits you from afar with a +0 trident.
* * * LOW HITPOINT WARNING * * *
The spectral orc warrior hits you with a +0 battleaxe.
* * * LOW HITPOINT WARNING * * *
You feel drained.
* * * LOW HITPOINT WARNING * * *
The spectral orc warrior hits you with a +0 short sword.
* * * LOW HITPOINT WARNING * * *
You feel better.
Nergalle is no longer sharing her pain.
The spectral orc warrior is no longer sharing its pain.
Nergalle hits you with a +0 dagger.
* * * LOW HITPOINT WARNING * * *
You block the spectral orc warrior's attack.
The spectral orc warrior hits you with a +0 battleaxe!
* * * LOW HITPOINT WARNING * * *
You feel drained.
The spectral orc warrior barely misses you.
You fade into invisibility!
The spectral orc warrior is no longer sharing its pain.
Nergalle points at you and mumbles some strange words.
Orcish apparitions take form around you.
The spectral orc warrior closely misses you.
The spectral orc warrior hits you with a +0 battleaxe!
You die...

... ≈≈≈≈≈≈ ...
..... ....
#..$# #...
#...# .#
##...##...#...#
..........#...#
.....Zo)Z.#...#
####@###...#
#...ZZZ....+
#####.Z..#.#
#..........#
#..........#
##..###..#.#
##.........#
#..........#
##....
#..........#


You could see Nergalle, 2 spectral orcs and 4 spectral orc warriors.

Vanquished Creatures
  Harold (D:7)
  Pikel (D:7)
  Menkaure (D:5)
  2 wargs (D:10)
  An acid dragon (D:9)
  A water moccasin (D:5)
  A black bear (D:4)
  2 orc warriors (D:9)
  2 ice beasts
  A sky beast (D:7)
  A necrophage (D:6)
  An ogre (D:5)
  5 centaurs
  2 lemures (D:7)
  A phantom (D:6)
  A bullfrog (D:7)
  A gnoll sergeant (D:8)
  2 water moccasin skeletons
  13 killer bees
  23 wights
  A howler monkey (D:9)
  3 centaur zombies (D:9)
  4 hounds
  A centaur skeleton (D:7)
  A gnoll shaman (D:10)
  2 jellies
  2 bullfrog skeletons
  7 orc priests
  6 iguanas
  6 orc wizards
  A scorpion zombie (D:5)
  8 mummies (Ossuary)
  7 gnolls
  2 howler monkey skeletons
  5 adders
  3 white imps
  An ufetubus (D:5)
  4 worms
  6 dart slugs
  19 orcs
  8 endoplasms
  2 giant cockroaches
  A gnoll zombie (Ossuary)
  5 goblins
  6 hobgoblins
  8 jackals (D:5)
  12 kobolds
  4 quokkas (D:1)
  5 ball pythons
  4 bats
  7 frilled lizards
  A hobgoblin zombie (Ossuary)
  4 kobold zombies (Ossuary)
  2 orc zombies (Ossuary)
  10 rats
231 creatures vanquished.

Notes
Turn   | Place    | Note
-------+----------+-------------------------------------------
     0 | D:1      | freelancePsychic the Demonspawn Wanderer began the quest
                  | for the Orb.
     0 | D:1      | freelancePsychic set off with the following items: a +0
                  | falchion, a +0 buckler, a +0 leather armour; and the
                  | following spell memorised: Apportation; and the following
                  | spells available to memorise: Blink, Passage of Golubria
     0 | D:1      | Reached XP level 1. HP: 15/15 MP: 2/2
   428 | D:1      | Gained mutation: You are partially covered in sharp spines.
                  | [demonic ancestry]
   428 | D:1      | Reached XP level 2. HP: 18/18 MP: 3/3
  1285 | D:1      | Reached skill level 1 in Short Blades
  1293 | D:1      | Reached XP level 3. HP: 24/26 MP: 4/4
  1891 | D:2      | Found a faded altar of an unknown god.
  2106 | D:2      | Gained mutation: You may rarely emit foul miasma when
                  | damaged in melee. [demonic ancestry]
  2106 | D:2      | Reached XP level 4. HP: 24/33 MP: 5/5
  2433 | D:2      | Noticed a necrophage
  2453 | D:3      | Identified a scroll of acquirement
  2458 | D:3      | Reached skill level 2 in Short Blades
  2654 | D:3      | Acquired the ring of Axeiruub {rElec rPois rCorr Int-2
                  | SInv}
  2680 | D:3      | Reached XP level 5. HP: 17/39 MP: 6/6
  3415 | D:4      | Found a hazy altar of Hepliaklqana.
  3456 | D:4      | Reached skill level 3 in Short Blades
  3652 | D:4      | Noticed a black bear
  3665 | D:4      | Killed a black bear
  3666 | D:4      | Reached XP level 6. HP: 38/47 MP: 3/7
  3764 | D:4      | Found a shadowy altar of Dithmenos.
  4105 | D:4      | Reached skill level 4 in Short Blades
  4234 | D:5      | Entered Level 5 of the Dungeon
  4261 | D:5      | Noticed a water moccasin
  4277 | D:5      | Killed a water moccasin
  4352 | D:5      | Reached XP level 7. HP: 51/53 MP: 6/8
  4423 | D:5      | Found a hide-covered altar of Uskayaw.
  4447 | D:5      | Became a worshipper of Uskayaw the Reveller
  4528 | D:5      | Reached * piety under Uskayaw
  4532 | D:5      | Reached ** piety under Uskayaw
  4943 | D:5      | Noticed Menkaure
  4982 | D:5      | Reached *** piety under Uskayaw
  5149 | D:5      | Killed Menkaure
  5150 | D:5      | Reached skill level 5 in Short Blades
  5542 | D:5      | Gained mutation: You have a somewhat thin skeletal
                  | structure. (Dex +2, Stealth+) [demonic ancestry]
  5542 | D:5      | Reached XP level 8. HP: 61/61 MP: 10/10
  5615 | D:5      | Found a burning altar of Makhleb.
  5615 | D:5      | Noticed a blizzard demon
  6569 | D:6      | Reached skill level 6 in Short Blades
  6661 | D:6      | Reached skill level 5 in Fighting
  7721 | D:7      | Reached skill level 1 in Armour
  7721 | D:7      | Reached **** piety under Uskayaw
  7858 | D:7      | Noticed Harold
  7892 | D:7      | Killed Harold
  7893 | D:7      | Reached skill level 7 in Short Blades
  7893 | D:7      | Reached XP level 9. HP: 47/69 MP: 2/12
  8173 | D:7      | Found a staircase to the Ecumenical Temple.
  8314 | D:7      | Noticed Pikel
  8489 | D:7      | Killed Pikel
  8490 | D:7      | Reached skill level 8 in Short Blades
  8881 | D:8      | Reached ***** piety under Uskayaw
  9104 | D:8      | Found a sand-covered staircase.
  9117 | Ossuary  | Entered an ossuary
 10083 | D:8      | Reached XP level 10. HP: 61/76 MP: 13/13
 10102 | D:8      | Reached skill level 9 in Short Blades
 11520 | D:9      | Found a runed translucent gate.
 11520 | D:9      | Found a runed translucent gate.
 11520 | D:9      | Found a runed translucent gate.
 11520 | D:9      | Noticed ALWAYSlose's ghost (novice DsBe)
 11552 | D:9      | Found a basalt altar of Yredelemnul.
 11834 | D:9      | Identified the amulet "Wyffeqymn" {Faith rN+ Str+3}
 11834 | D:9      | Noticed Erolcha
 11857 | D:10     | Entered Level 10 of the Dungeon
 11891 | D:10     | Noticed Nergalle
 11908 | D:10     | Reached skill level 5 in Armour
 11917 | D:10     | Slain by a spectral orc warrior

Illustrated notes

Levels and vault maps discovered:
D:1:      shiori_arrival_maze, layout_loops_corners, nrook_mini_vaults,
          minmay_vboxes
D:2:      mumra_celtic_spiral_tile, layout_basic,
          dreamdust_ecumenical_altar_grove
D:3:      layout_rooms
D:4:      layout_cave_pools, nicolae_overflow_crystal_walls,
          mainiacjoe_overflow_alcove_2
D:5:      layout_cave_pods, makhleb_altar_promises_db,
          nicolae_uskayaw_dance_hall, uniq_menkaure
D:6:      layout_basic
D:7:      layout_loops_ring, minmay_temple_entry_large_hall, uniq_pikel,
          uniq_harold
D:8:      layout_loops_ring, nicolae_ossuary_entry_false_entrances,
          serial_park_tiny_pond
D:9:      layout_basic, nicolae_yredelemnul_ghost_church, marbit_many_paths,
          mainiacjoe_overflow_concentric_impassable, serial_shops, shop,
          eino_jars, uniq_erolcha
D:10:     lemuel_castle_with_subvaults [lemuel_castle_interior_carwin_2],
          layout_stronghold, nicolae_overflow_hidden_temple, david_lair_generic,
          uniq_maurice, uniq_nergalle, uniq_grum

Skill      XL: |  1  2  3  4  5  6  7  8  9 10 |
---------------+-------------------------------+-----
Short Blades   | 1 2 3 4 5 7 8 9 |  9.9
Fighting       | 2 3 4 6 7 |  7.9
Shields        | 2 3 4 |  4.0
Invocations    | 3 4 |  4.5
Stealth        | 2 |  2.6
Armour         | 2 4 5 |  5.1
Long Blades    | |  1.5
Throwing       | |  1.0
Spellcasting   | |  1.0
Translocations | |  2.6

Action                   |  1- 3 |  4- 6 |  7- 9 | 10-12 || total
-------------------------+-------+-------+-------+-------++-------
Melee: Falchion          |    20 |       |    88 |    59 ||   167
       Dagger            |    88 |   131 |   413 |    91 ||   723
       Long sword        |       |       |       |    12 ||    12
Throw: Dart              |       |       |     5 |       ||     5
Invok: Line Pass         |       |       |     5 |       ||     5
       Stomp             |       |       |     4 |     8 ||    12
  Use: Scroll            |     1 |     7 |     5 |     1 ||    14
       Potion            |       |     2 |       |     2 ||     4
 Stab: Sleeping          |     4 |     2 |     4 |       ||    10
       Paralysed         |       |       |    16 |    11 ||    27
       Confused          |       |       |     1 |       ||     1
Armor: Leather armour    |    17 |    13 |    23 |       ||    53
       Chain mail        |       |       |    93 |    51 ||   144
Dodge: Dodged            |    34 |    39 |   160 |    52 ||   285
Block: Buckler           |    19 |    28 |    89 |    38 ||   174

Table legend: (Time is in decaauts)
 A = Elapsed time spent in this place.
 B = Non-inter-level travel time spent in this place.
 C = Inter-level travel time spent in this place.
 D = Time resting spent in this place.
 E = Time spent auto-exploring this place.
 F = Levels seen in this place.
 G = Mean time per level.
                   A        B        C        D        E       F      G
               +--------+--------+--------+--------+--------+-----+--------+
         Total |  11706 |  11460 |    246 |    495 |   9092 |  11 | 1064.2 |
       Dungeon |  11297 |  11051 |    246 |    495 |   8775 |  10 | 1129.7 |
       Ossuary |    409 |    409 |      0 |      0 |    317 |   1 |  409.0 |
               +--------+--------+--------+--------+--------+-----+--------+

Top non-repeatable levels by time:
     D:5: 1746 daAuts
     D:1: 1682 daAuts
     D:7: 1390 daAuts
     D:8: 1385 daAuts
     D:6: 1340 daAuts
     D:9: 1141 daAuts
     D:4: 1029 daAuts
     D:3: 767 daAuts
     D:2: 762 daAuts
 Ossuary: 409 daAuts
    D:10: 51 daAuts
